 Dungeon Crawl Stone Soup version 0.27-a0-1565-gad902ab807 (webtiles) character file.

Game seed: 16020408754705700796

9288 robertstho the Cleaver (level 11, -1/89 HPs)
             Began as a Gnoll Berserker on July 16, 2021.
             Was an Elder of Trog.
             Slain by an orc warrior (5 damage)
             ... on level 10 of the Dungeon.
             The game lasted 00:15:55 (9575 turns).

robertstho the Cleaver (Gnoll Berserker)            Turns: 9575, Time: 00:15:55

Health: -1/89      AC: 21    Str: 19    XL:     11   Next: 44%
Magic:  20/20      EV:  8    Int:  8    God:    Trog [****..]
Gold:   446        SH:  0    Dex: 11    Spells: 22/22 levels left

rFire    . . .     SeeInvis .   B - +0 glaive (protect)
rCold    . . .     Faith    .   (shield currently unavailable)
rNeg     . . .     Spirit   .   C - +0 plate armour
rPois    +         Reflect  .   (no helmet)
rElec    .         Harm     .   a - +0 cloak
rCorr    .         Rampage  .   (no gloves)
Will     .....                  (no boots)
Stlth    ..........             b - amulet of regeneration
HPRegen  1.24/turn              l - ring of poison resistance
MPRegen  0.17/turn              (no ring)

@: under a protective aura, on berserk cooldown, slowed, very slow
A: fangs 1, strong nose, distributed training
a: Renounce Religion, Berserk, Trog's Hand, Brothers in Arms


You were on level 10 of the Dungeon.
You worshipped Trog.
Trog was greatly pleased with you.
You visited 1 branch of the dungeon, and saw 10 of its levels.

You collected 685 gold pieces.
You spent 239 gold pieces at shops.

Inventory:

Hand Weapons
 o - a +0 war axe
 r - a +0 vorpal battleaxe
 y - a +1 scimitar of flaming
 B - a +0 glaive of protection (weapon)
Armour
 a - a +0 cloak (worn)
 z - +0 acid dragon scales
 C - a +0 plate armour (worn)
Jewellery
 b - an amulet of regeneration (around neck)
 l - a ring of poison resistance (left hand)
Wands
 c - a wand of paralysis (6)
 f - a wand of mindburst (18)
 v - a wand of iceblast (4)
 w - a wand of charming (12)
Scrolls
 d - 3 scrolls of blinking
 e - a scroll of enchant weapon
 j - 2 scrolls of teleportation
 k - 3 scrolls of immolation
 m - a scroll of fog
 n - 3 scrolls of magic mapping
 s - 2 scrolls of identify
 u - a scroll of acquirement {unknown}
Potions
 g - 11 potions of curing
 h - 3 potions of flight
 i - a potion of might
 p - 2 potions of attraction
 q - 2 potions of cancellation
 t - a potion of magic
 A - 2 potions of lignification


   Skills:
 + Level 9.2 Fighting
 + Level 6.3 Short Blades
 + Level 6.3 Long Blades
 + Level 9.2 Axes
 + Level 6.3 Maces & Flails
 + Level 6.3 Polearms
 + Level 6.3 Staves
 + Level 6.3 Slings
 + Level 6.3 Bows
 + Level 6.3 Crossbows
 + Level 6.3 Throwing
 + Level 7.9 Armour
 + Level 7.9 Dodging
 + Level 6.3 Stealth
 + Level 6.3 Shields
 + Level 6.3 Unarmed Combat
 + Level 6.3 Spellcasting
 + Level 5.2 Conjurations
 + Level 5.2 Hexes
 + Level 5.2 Summonings
 + Level 5.2 Necromancy
 + Level 5.2 Translocations
 + Level 5.2 Transmutations
 + Level 5.2 Fire Magic
 + Level 5.2 Ice Magic
 + Level 5.2 Air Magic
 + Level 5.2 Earth Magic
 + Level 5.2 Poison Magic
 + Level 6.9 Invocations
 + Level 6.3 Evocations


You had 22 spell levels left.
You didn't know any spells.
Your spell library was empty.

Dungeon Overview and Level Annotations

Branches:
Dungeon (10/15)            Temple (0/1) D:5            Lair (0/6) D:10
    Orc (0/2) D:9

Altars:
Cheibriados
Kikubaaqudgha
Makhleb
Nemelex Xobeh
Okawaru
Ru
Vehumet
Yredelemnul
Zin
The Shining One

Shops:
D:3 !   D:6 *?

Annotations:
D:10 1 runed translucent door


Innate Abilities, Weirdness & Mutations

You have very sharp teeth.
Your uncanny sense of smell can sniff out nearby items.
Your experience applies equally to all skills.


Message History

You slice the white ugly thing!!
The white ugly thing is severely wounded.
The white ugly thing barely misses you.
You closely miss the white ugly thing. You bite the white ugly thing.
The white ugly thing is severely wounded.
The white ugly thing barely misses you.
An orc warrior comes into view. It is wielding a +0 dire flail.
You barely miss the white ugly thing.
The white ugly thing is severely wounded.
The white ugly thing bites you but does no damage.
You barely miss the white ugly thing.
The white ugly thing is severely wounded.
The white ugly thing barely misses you.
You hit the white ugly thing but do no damage.
The white ugly thing is severely wounded.
The white ugly thing bites you.
* * * LOW HITPOINT WARNING * * *
The white ugly thing freezes you!
* * * LOW HITPOINT WARNING * * *
You hit the white ugly thing. You bite the white ugly thing.
The white ugly thing is almost dead.
The white ugly thing bites you.
* * * LOW HITPOINT WARNING * * *
The white ugly thing freezes you!
* * * LOW HITPOINT WARNING * * *
You hit the white ugly thing.
The white ugly thing is almost dead.
The white ugly thing bites you but does no damage.
You slash the white ugly thing!
You kill the white ugly thing!
Trog accepts your kill.
You closely miss the orc warrior. You bite the orc warrior.
The orc warrior is moderately wounded.
You are no longer berserk.
You are exhausted.
You feel yourself slow down.
The orc warrior hits you with a +0 scimitar.
* * * LOW HITPOINT WARNING * * *
The orc warrior hits you with a +0 scimitar.
You die...

......#.#........[...............
......._.........................
...<..#.#........................
.................................
############......#...#########..
..#.................#.........#.[
..#................###........#..
..#...............##∆##.......#..
..#.............@..# #........#..
..#.............#o## ##.#.....#..
..#............##o# ####....#..
..#...........##/.. ∆ ∆##...#..
..#............####. ####....#..
..##....####....#. #.##.#)...##..
........#..........#.#.......#...
........#.........##∆##......#...
........#..........###.......#...


You could see 2 orc warriors.

Vanquished Creatures
  A two-headed ogre (D:10)
  An ugly thing (D:10)
  Joseph (D:8)
  A vault sentinel (D:8)
  A gargoyle (D:9)
  Maggie (D:8)
  A kobold demonologist (D:10)
  14 yaks (D:10)
  A wyvern (D:9)
  2 steam dragons (D:7)
  Menkaure (D:7)
  A water moccasin (D:8)
  3 sky beasts
  6 orc warriors
  A black bear (D:10)
  4 ogres
  3 centaurs
  4 phantoms
  3 scorpions
  5 bullfrogs
  A wyvern zombie (D:7)
  A water moccasin skeleton (D:4)
  A killer bee (D:9)
  A wight (D:7)
  A howler monkey (D:8)
  4 centaur zombies
  2 hounds (D:5)
  A gnoll shaman (D:9)
  8 orc priests
  5 iguanas
  7 orc wizards
  2 howler monkey zombies
  7 gnolls
  A howler monkey skeleton (D:7)
  7 adders
  2 ufetubi
  A worm (D:4)
  7 dart slugs
  40 orcs
  8 ball pythons
  8 bats
  8 endoplasms
  6 giant cockroaches
  15 goblins
  5 hobgoblins
  8 jackals
  9 kobolds
  2 quokkas
  2 frilled lizards (D:1)
  9 rats
234 creatures vanquished.

Vanquished Creatures (collateral kills)
  A vault sentinel (D:8)
  A gargoyle (D:8)
  Psyche (D:8)
  A vampire (D:10)
  2 yaks (D:10)
  2 killer bees (D:9)
  2 mummies (D:7)
10 creatures vanquished.

Vanquished Creatures (others)
  A quokka (D:4)
  15 fungi (D:10)
  9 plants (D:10)
25 creatures vanquished.

Grand Total: 269 creatures vanquished

Notes
Turn   | Place    | Note
-------+----------+-------------------------------------------
     0 | D:1      | robertstho the Gnoll Berserker began the quest for the Orb.
     0 | D:1      | Reached XP level 1. HP: 23/23 MP: 1/1
   117 | D:1      | Found a faded altar of an unknown god.
   133 | D:1      | Reached XP level 2. HP: 21/29 MP: 2/2
   549 | D:1      | Reached ** piety under Trog
   550 | D:1      | Reached XP level 3. HP: 30/35 MP: 3/3
   929 | D:1      | Reached skill level 1 in Invocations
  1318 | D:2      | Reached skill level 1 in Short Blades
  1318 | D:2      | Reached skill level 1 in Long Blades
  1318 | D:2      | Reached skill level 1 in Maces & Flails
  1318 | D:2      | Reached skill level 1 in Polearms
  1318 | D:2      | Reached skill level 1 in Staves
  1318 | D:2      | Reached skill level 1 in Slings
  1318 | D:2      | Reached skill level 1 in Bows
  1318 | D:2      | Reached skill level 1 in Crossbows
  1318 | D:2      | Reached skill level 1 in Throwing
  1318 | D:2      | Reached skill level 1 in Stealth
  1318 | D:2      | Reached skill level 1 in Shields
  1318 | D:2      | Reached skill level 1 in Unarmed Combat
  1318 | D:2      | Reached skill level 1 in Spellcasting
  1318 | D:2      | Reached skill level 1 in Evocations
  1431 | D:2      | Reached XP level 4. HP: 24/41 MP: 5/5
  1593 | D:2      | Found a sacrificial altar of Ru.
  1929 | D:2      | Reached skill level 1 in Conjurations
  1929 | D:2      | Reached skill level 1 in Hexes
  1929 | D:2      | Reached skill level 1 in Summonings
  1929 | D:2      | Reached skill level 1 in Necromancy
  1929 | D:2      | Reached skill level 1 in Translocations
  1929 | D:2      | Reached skill level 1 in Transmutations
  1929 | D:2      | Reached skill level 1 in Fire Magic
  1929 | D:2      | Reached skill level 1 in Ice Magic
  1929 | D:2      | Reached skill level 1 in Air Magic
  1929 | D:2      | Reached skill level 1 in Earth Magic
  1929 | D:2      | Reached skill level 1 in Poison Magic
  2409 | D:3      | Reached *** piety under Trog
  2881 | D:3      | Found Rurphipra's Distillery.
  2885 | D:3      | Bought a potion of curing for 39 gold pieces
  2885 | D:3      | Bought a potion of degeneration for 13 gold pieces
  2986 | D:3      | Reached XP level 5. HP: 41/47 MP: 6/6
  3078 | D:3      | Noticed a phantom
  3094 | D:3      | Killed a phantom
  3549 | D:4      | Noticed an ogre
  3558 | D:4      | Killed an ogre
  3559 | D:4      | Reached XP level 6. HP: 53/53 MP: 8/8
  3715 | D:4      | Reached skill level 5 in Armour
  3715 | D:4      | Reached skill level 5 in Dodging
  3727 | D:4      | Noticed a sky beast
  3736 | D:4      | Killed a sky beast
  3882 | D:4      | Found a snail-covered altar of Cheibriados.
  3882 | D:4      | Found a glowing silver altar of Zin.
  4009 | D:4      | Reached XP level 7. HP: 43/59 MP: 10/10
  4399 | D:5      | Entered Level 5 of the Dungeon
  4524 | D:5      | Found a staircase to the Ecumenical Temple.
  4816 | D:5      | Reached **** piety under Trog
  5240 | D:6      | Reached XP level 8. HP: 55/67 MP: 12/12
  5444 | D:6      | Found Fiaxasy's Magic Scroll Shop.
  5453 | D:6      | Bought a scroll of identify for 28 gold pieces
  5453 | D:6      | Bought a scroll of blinking for 105 gold pieces
  5453 | D:6      | Bought a scroll of identify for 28 gold pieces
  5732 | D:6      | Found Lugif's General Store.
  5735 | D:6      | Bought a scroll of identify for 26 gold pieces
  6164 | D:7      | Reached XP level 9. HP: 73/73 MP: 14/14
  6494 | D:7      | Found a transporter.
  6497 | D:7      | Found an ancient bone altar of Kikubaaqudgha.
  6499 | D:7      | Noticed Menkaure
  6557 | D:7      | Found a basalt altar of Yredelemnul.
  6692 | D:7      | Found a transporter.
  6745 | D:7      | Killed Menkaure
  6887 | D:8      | Found a radiant altar of Vehumet.
  6958 | D:8      | Noticed a vault sentinel
  6958 | D:8      | Noticed a vault sentinel
  6968 | D:8      | Noticed Joseph
  6973 | D:8      | Noticed a gargoyle
  6979 | D:8      | Killed Joseph
  6979 | D:8      | Killed a vault sentinel
  6980 | D:8      | Reached skill level 5 in Invocations
  6980 | D:8      | Reached XP level 10. HP: 41/80 MP: 15/17
  7025 | D:8      | Killed a gargoyle
  7029 | D:8      | Killed a vault sentinel
  7030 | D:8      | Reached skill level 5 in Short Blades
  7030 | D:8      | Reached skill level 5 in Long Blades
  7030 | D:8      | Reached skill level 5 in Maces & Flails
  7030 | D:8      | Reached skill level 5 in Polearms
  7030 | D:8      | Reached skill level 5 in Staves
  7030 | D:8      | Reached skill level 5 in Slings
  7030 | D:8      | Reached skill level 5 in Bows
  7030 | D:8      | Reached skill level 5 in Crossbows
  7030 | D:8      | Reached skill level 5 in Throwing
  7030 | D:8      | Reached skill level 5 in Stealth
  7030 | D:8      | Reached skill level 5 in Shields
  7030 | D:8      | Reached skill level 5 in Unarmed Combat
  7030 | D:8      | Reached skill level 5 in Spellcasting
  7030 | D:8      | Reached skill level 5 in Evocations
  7032 | D:8      | Noticed Psyche
  7038 | D:8      | Killed Psyche
  7265 | D:8      | Found the +18 shield of the Gong {rElec rN+ Will+ EV-5}
  7311 | D:8      | Noticed Maggie
  7328 | D:8      | Killed Maggie
  7544 | D:8      | Found a glowing golden altar of the Shining One.
  7689 | D:9      | Found a staircase to the Orcish Mines.
  7821 | D:9      | Found a sparkling altar of Nemelex Xobeh.
  7850 | D:9      | Reached ***** piety under Trog
  7876 | D:9      | Noticed a gargoyle
  7885 | D:9      | Killed a gargoyle
  8326 | D:9      | Received a gift from Trog
  8494 | D:10     | Entered Level 10 of the Dungeon
  8505 | D:10     | Noticed a kobold demonologist
  8510 | D:10     | Noticed a sixfirhy
  8516 | D:10     | Killed a kobold demonologist
  8625 | D:10     | Found a runed translucent door.
  8628 | D:10     | Found a burning altar of Makhleb.
  8628 | D:10     | Noticed a sixfirhy
  8867 | D:10     | Noticed a two-headed ogre
  8882 | D:10     | Killed a two-headed ogre
  8883 | D:10     | Reached XP level 11. HP: 43/87 MP: 19/19
  8980 | D:10     | Reached skill level 5 in Conjurations
  8980 | D:10     | Reached skill level 5 in Hexes
  8980 | D:10     | Reached skill level 5 in Summonings
  8980 | D:10     | Reached skill level 5 in Necromancy
  8980 | D:10     | Reached skill level 5 in Translocations
  8980 | D:10     | Reached skill level 5 in Transmutations
  8980 | D:10     | Reached skill level 5 in Fire Magic
  8980 | D:10     | Reached skill level 5 in Ice Magic
  8980 | D:10     | Reached skill level 5 in Air Magic
  8980 | D:10     | Reached skill level 5 in Earth Magic
  8980 | D:10     | Reached skill level 5 in Poison Magic
  9228 | D:10     | Found a staircase to the Lair.
  9503 | D:10     | Found an iron altar of Okawaru.
  9557 | D:10     | Noticed a white ugly thing
  9571 | D:10     | HP: 6/133 [white ugly thing (16)]
  9573 | D:10     | Killed a white ugly thing
  9574 | D:10     | HP: 2/89 [orc warrior (5)]
  9575 | D:10     | Slain by an orc warrior

Illustrated notes

Levels and vault maps discovered:
D:1:      dpeg_arrival_arbitrary_a, layout_basic, basic_ecumenical_altar,
          glass_columns_a, minmay_pentomino_p2
D:2:      minmay_skewed_foursquare, layout_basic, basic_altar, minivault_23,
          nrook_loot_triangle
D:3:      layout_loops_corners, serial_shops, shop, kennysheep_generic_room_15
D:4:      layout_basic, gammafunk_temple_overflow_elements
D:5:      layout_loops_ring, minmay_temple_entry_trees, grunt_ministairs_12,
          serial_bayou_pond_d, chequers_serial_rivers_micro_e
D:6:      layout_rooms, serial_shops, kennysheep_mini, nicolae_stop_n_shop_1,
          minmay_ogre_servants
D:7:      layout_loops_corners, gammafunk_temple_of_torment, minivault_14,
          chequers_serial_rivers_marsh, minmay_between
D:8:      layout_rooms, mainiacjoe_overflow_cross_hatched,
          nicolae_overflow_crystal_walls, hangedman_decor_points,
          minmay_misc_feat_ornament, hellmonk_guarded_unrand_gong, uniq_maggie,
          uniq_psyche, uniq_joseph
D:9:      layout_roguey, nemelex_xobeh_ov_fountains_minmay, david_orc_3,
          hive_lemuel
D:10:     layout_grid_maze, lemuel_crystal_altar, nzn_makhleb_speed_demon,
          grunt_lair_entry_orc_guard_hut, minmay_fractal_squares_gapless_5

Skill      XL: |  1  2  3  4  5  6  7  8  9 10 11 |
---------------+----------------------------------+-----
Invocations    | 1 2 3 4 5 6 |  6.9
Short Blades   | 1 2 3 4 5 6 |  6.3
Long Blades    | 1 2 3 4 5 6 |  6.3
Maces & Flails | 1 2 3 4 5 6 |  6.3
Polearms       | 1 2 3 4 5 6 |  6.3
Staves         | 1 2 3 4 5 6 |  6.3
Slings         | 1 2 3 4 5 6 |  6.3
Bows           | 1 2 3 4 5 6 |  6.3
Crossbows      | 1 2 3 4 5 6 |  6.3
Throwing       | 1 2 3 4 5 6 |  6.3
Stealth        | 1 2 3 4 5 6 |  6.3
Shields        | 1 2 3 4 5 6 |  6.3
Unarmed Combat | 1 2 3 4 5 6 |  6.3
Spellcasting   | 1 2 3 4 5 6 |  6.3
Evocations     | 1 2 3 4 5 6 |  6.3
Conjurations   | 1 2 3 4 5 |  5.2
Hexes          | 1 2 3 4 5 |  5.2
Summonings     | 1 2 3 4 5 |  5.2
Necromancy     | 1 2 3 4 5 |  5.2
Translocations | 1 2 3 4 5 |  5.2
Transmutations | 1 2 3 4 5 |  5.2
Fire Magic     | 1 2 3 4 5 |  5.2
Ice Magic      | 1 2 3 4 5 |  5.2
Air Magic      | 1 2 3 4 5 |  5.2
Earth Magic    | 1 2 3 4 5 |  5.2
Poison Magic   | 1 2 3 4 5 |  5.2
Armour         | 5 6 7 |  7.9
Dodging        | 5 6 7 |  7.9
Fighting       | 7 8 9 |  9.2
Axes           | 7 8 9 |  9.2

Action                   |  1- 3 |  4- 6 |  7- 9 | 10-12 || total
-------------------------+-------+-------+-------+-------++-------
Melee: Hand axe          |   119 |   140 |   211 |       ||   470
       Bite              |    13 |    16 |    35 |    37 ||   101
       Punch             |       |     1 |     8 |       ||     9
       War axe           |       |       |    90 |       ||    90
       Battleaxe         |       |       |    25 |    72 ||    97
       Glaive            |       |       |       |   226 ||   226
Invok: Berserk           |       |     2 |    11 |    14 ||    27
       Brothers in Arms  |       |       |     1 |     3 ||     4
       Trog's Hand       |       |       |       |     1 ||     1
  Use: Scroll            |       |     9 |     8 |     4 ||    21
       Potion            |       |       |     1 |     3 ||     4
 Stab: Sleeping          |     5 |     5 |       |       ||    10
Armor: Animal skin       |    23 |    10 |       |       ||    33
       Scale mail        |       |    18 |    11 |       ||    29
       Chain mail        |       |       |   161 |    49 ||   210
       Plate armour      |       |       |       |   230 ||   230
Dodge: Dodged            |    76 |    75 |   183 |   186 ||   520

Table legend: (Time is in decaauts)
 A = Elapsed time spent in this place.
 B = Non-inter-level travel time spent in this place.
 C = Inter-level travel time spent in this place.
 D = Time resting spent in this place.
 E = Time spent auto-exploring this place.
 F = Levels seen in this place.
 G = Mean time per level.
                   A        B        C        D        E       F      G
               +--------+--------+--------+--------+--------+-----+--------+
         Total |   9917 |   9659 |    258 |    803 |   6807 |  10 |  991.7 |
       Dungeon |   9917 |   9659 |    258 |    803 |   6807 |  10 |  991.7 |
               +--------+--------+--------+--------+--------+-----+--------+

Top non-repeatable levels by time:
     D:3: 1309 daAuts
    D:10: 1188 daAuts
     D:1: 1128 daAuts
     D:7: 1098 daAuts
     D:2: 1051 daAuts
     D:4: 939 daAuts
     D:9: 918 daAuts
     D:8: 836 daAuts
     D:5: 790 daAuts
     D:6: 655 daAuts
